 Dungeon Crawl Stone Soup version 0.22-a0-614-g34fbaa0 (webtiles) character file.

748 EloyTheNewbi the Ruffian (level 7, -6/67 HPs)
             Began as a Troll Chaos Knight on July 13, 2018.
             Killed from afar by an electric eel (10 damage)
             ... with a bolt of electricity
             ... on level 5 of the Dungeon.
             The game lasted 00:12:02 (3757 turns).

EloyTheNewbi the Ruffian (Troll Chaos Knight)       Turns: 3757, Time: 00:12:02

Health: -6/67      AC:  7    Str: 21    XL:     7   Next: 48%
Magic:  6/6        EV: 11    Int:  8    God:    Xom [*.....]
Gold:   297        SH:  0    Dex: 11    Spells: 6/6 levels left

rFire    . . .     SeeInvis .     - Unarmed
rCold    . . .     Gourm    +   (no shield)
rNeg     . . .     Faith    .   a - +2 robe
rPois    .         Spirit   .   (helmet restricted)
rElec    .         Reflect  .   (no cloak)
rCorr    .         Harm     .   (gloves unavailable)
MR       +....                  (boots unavailable)
Stlth    +.........             (no amulet)
HPRegen  0.61/turn              d - ring of flight
MPRegen  0.10/turn              m - ring of protection from magic

@: no status effects
A: large, unfitting armour, claws 3, fast metabolism 3, gourmand, regeneration
1, screaming 1, shaggy fur 1, tough skin 2
a: Renounce Religion, Evoke Flight


You were on level 5 of the Dungeon.
You worshipped Xom.
You were a special plaything of Xom.
You were completely stuffed.

You visited 1 branch of the dungeon, and saw 5 of its levels.

You collected 297 gold pieces.

Inventory:

Missiles
 f - 128 stones (quivered)
Armour
 a - a +2 robe (worn)
Jewellery
 d - a ring of flight (left claw)
 m - a ring of protection from magic (right claw)
Wands
 p - a wand of enslavement (6)
 q - a wand of flame (24)
Scrolls
 h - a scroll of brand weapon {unknown}
 i - 2 scrolls of remove curse
 n - a scroll of fog
 o - a scroll of teleportation {unknown}
Potions
 c - a potion of might {unknown}
 e - a potion of magic {unknown}
 g - 3 potions of degeneration {unknown}
 j - 2 potions of curing
 l - a potion of agility {unknown}
Comestibles
 b - 10 rations


   Skills:
 + Level 3.1 Fighting
 + Level 0.1 Throwing
 * Level 4.4 Dodging
 + Level 0.8 Stealth
 + Level 6.7 Unarmed Combat


You had 6 spell levels left.
You didn't know any spells.
Your spell library was empty.

Dungeon Overview and Level Annotations

Branches:
Dungeon (5/15)             Temple (0/1) D:5

Altars:
Uskayaw
Xom

Annotations:
D:5 1 transporter


Innate Abilities, Weirdness & Mutations

You are too large for most types of armour.
You have claws for hands.
Your metabolism is lightning-fast.
You like to eat raw meat.
Your natural rate of healing is unusually fast.
You are covered in fur. (AC +1)
You have very tough skin. (AC +2)
You occasionally shout uncontrollably at your foes.


Message History

The electric eel shoots out a bolt of lightning at you!
The bolt of electricity hits you!
The electric eel shoots out a bolt of lightning at you!
The bolt of electricity hits you!
There is a fountain of clear blue water here.
The electric eel shoots out a bolt of lightning at you!
The bolt of electricity misses you.
The electric eel shoots out a bolt of lightning at you!
The bolt of electricity hits you!
The electric eel shoots out a bolt of lightning at you!
The bolt of electricity hits you!
* * * LOW HITPOINT WARNING * * *
You open the door.
The electric eel shoots out a bolt of lightning at you!
The bolt of electricity hits you!
* * * LOW HITPOINT WARNING * * *
Xom is mildly amused.
The electric eel shoots out a bolt of lightning at you!
The bolt of electricity hits you!
You die...

#.###'###[†)##...
#.#≈...;#)........
#.#≈...≈#.........
#.#≈...≈#.........
#.#≈.⌠.≈#.†........
#.#≈...≈#.......#..
#.#≈...≈#....<....#.
##.#;...;#l.......#..
##..###@###..........#
#...#P.(.P#.....##..#
#...#8.©.8#........#
#...#######.....####
#......©........#
#..........##..##
##.............#
#..............###
#............#...#


You could see an iguana, an electric eel and 2 friendly electric eels.

Vanquished Creatures
  Grinder (D:3)
  A phantom (D:5)
  A centaur (D:3)
  An orc priest (D:3)
  A centaur skeleton (D:5)
  Terence (D:2)
  An orc wizard (D:5)
  Natasha (thrice) (D:2)
  3 worker ants (D:4)
  A gnoll (D:5)
  4 adders
  2 adder skeletons (D:5)
  An adder zombie (D:5)
  3 dart slugs
  2 leopard geckos (D:1)
  14 orcs
  2 ball pythons
  3 giant cockroaches (D:4)
  6 goblins
  6 hobgoblins
  9 jackals
  3 quokkas
  4 bats
  7 frilled lizards
  5 kobolds
  5 rats
90 creatures vanquished.

Vanquished Creatures (collateral kills)
  An orc (D:3)
  A goblin (D:3)
2 creatures vanquished.

Vanquished Creatures (others)
  A worker ant (D:5)
  3 gnolls (D:5)
  A leopard gecko (D:5)
  3 orcs (D:5)
  A butterfly (D:5)
9 creatures vanquished.

Grand Total: 101 creatures vanquished

Notes
Turn   | Place    | Note
-------+----------+-------------------------------------------
     0 | D:1      | EloyTheNewbi the Troll Chaos Knight began the quest for the Orb.
     0 | D:1      | Reached XP level 1. HP: 22/22 MP: 0/0
    59 | D:1      | XOM: silly message
   236 | D:1      | Reached XP level 2. HP: 26/29 MP: 1/1
   268 | D:1      | XOM: divination: magic mapping
   396 | D:1      | XOM: silly message
   485 | D:1      | XOM: silly message
   598 | D:1      | Reached XP level 3. HP: 36/36 MP: 2/2
   932 | D:2      | Noticed Terence
   937 | D:2      | XOM: potion effect (invisibility)
   944 | D:2      | Killed Terence
   950 | D:2      | Reached skill level 4 in Unarmed Combat
   964 | D:2      | Reached XP level 4. HP: 39/44 MP: 3/3
   974 | D:2      | Found a hide-covered altar of Uskayaw.
   974 | D:2      | Noticed a hand axe
   974 | D:2      | Noticed a hand axe
  1183 | D:2      | XOM: silly message
  1378 | D:2      | Noticed Natasha
  1386 | D:2      | Killed Natasha
  1472 | D:2      | Noticed Natasha
  1480 | D:2      | Killed Natasha
  1480 | D:2      | Reached XP level 5. HP: 36/53 MP: 4/4
  1523 | D:2      | XOM: harmless Hex miscast
  1837 | D:2      | Noticed Natasha
  1842 | D:2      | Killed Natasha
  1920 | D:3      | XOM: divination: detect creatures
  1951 | D:3      | XOM is BORED!
  1951 | D:3      | XOM: mild Tmut miscast
  2047 | D:3      | Noticed a centaur
  2048 | D:3      | XOM: summons 3 friendly demons
  2053 | D:3      | Killed a centaur
  2053 | D:3      | Reached skill level 5 in Unarmed Combat
  2062 | D:3      | Found a shimmering altar of Xom.
  2157 | D:3      | Reached XP level 6. HP: 37/61 MP: 5/5
  2434 | D:3      | Noticed Grinder
  2437 | D:3      | XOM: potion effect (haste)
  2440 | D:3      | Killed Grinder
  2945 | D:4      | Reached skill level 6 in Unarmed Combat
  3008 | D:4      | Reached XP level 7. HP: 61/67 MP: 6/6
  3044 | D:4      | XOM: god gift: 56 gold pieces
  3257 | D:4      | XOM: give mutation
  3257 | D:4      | Gained mutation: You occasionally shout uncontrollably at your foes. [Xom's mischief]
  3290 | D:4      | XOM: summons 2 hostile shadow creatures
  3451 | D:5      | Entered Level 5 of the Dungeon
  3495 | D:5      | XOM: swap monsters
  3499 | D:5      | XOM: destruction
  3503 | D:5      | XOM: chaos upgrade
  3506 | D:5      | XOM: harmless Fire miscast
  3552 | D:5      | Found a transporter.
  3575 | D:5      | Found a transporter.
  3581 | D:5      | XOM: medium Air miscast
  3667 | D:5      | Found a staircase to the Ecumenical Temple.
  3737 | D:5      | XOM: give mutation
  3757 | D:5      | Killed from afar by an electric eel

Vault maps used:
D:1:      minmay_arrival_pointy
D:2:      dancing_weapons_uskayaw, uniq_natasha, uniq_terence
D:3:      xom_teletrap_fun, uniq_grinder
D:4:      first_ration
D:5:      gammafunk_steamed_eel, minmay_temple_entry_butterflies

Skill      XL: |  1  2  3  4  5  6 |
---------------+-------------------+-----
Dodging        | 2 3 4 |  4.4
Unarmed Combat | 4 5 6 |  6.7
Fighting       | 3 |  3.1
Throwing       | |  0.1
Stealth        | |  0.8

Action                   |  1- 3 |  4- 6 |  7- 9 || total
-------------------------+-------+-------+-------++-------
Melee: Unarmed           |    75 |   119 |    65 ||   259
       Punch             |     1 |     3 |       ||     4
Throw: Stone             |       |       |     4 ||     4
Evoke: Wand              |       |       |     6 ||     6
  Use: Scroll            |     1 |     3 |     1 ||     5
 Stab: Invisible         |     1 |       |       ||     1
  Eat: Chunk             |    14 |    19 |     7 ||    40
Armor: Robe              |    36 |    38 |    23 ||    97
Dodge: Dodged            |    48 |    69 |    40 ||   157

Table legend:
 A = Spawn XP
 B = Non-spawn XP
 C = Spawn XP percentage of total XP
 D = Spawn monster count
 E = Non-spawn monster count
 F = Spawn count percentage of total count
 G = Total turns spent on level
                    A         B        C        D         E        F      G
               +---------+---------+-------+---------+---------+-------+---------
         Total |       0 |    1069 |   0.0 |       0 |      92 |   0.0 |  3757
               +---------+---------+-------+---------+---------+-------+---------
           D:1 |       0 |      44 |   0.0 |       0 |      24 |   0.0 |   931
           D:2 |       0 |     207 |   0.0 |       0 |      23 |   0.0 |   987
           D:3 |       0 |     441 |   0.0 |       0 |      16 |   0.0 |   637
           D:4 |       0 |     142 |   0.0 |       0 |      20 |   0.0 |   896
           D:5 |       0 |     235 |   0.0 |       0 |       9 |   0.0 |   306
               +---------+---------+-------+---------+---------+-------+---------
